[Event "Friday Night Double Round Robin 3m+1s Starts at 2200hrs ST NO LATE JOINS POSS"]
[Site "Infinity Chess"]
[Date "2018.1.19"]
[Round "4"]
[White "Dovahkiin"]
[Black "ocirema"]
[Result "1/2-1/2"]
[ECO ""]
[WhiteElo "2451"]
[BlackElo "2483"]
[WhiteEngine "BrainFish_180113_x64_modern_CTG"]
[BlackEngine "stockfish_18011309_x64_modern_CTG"]
[EventType "Round Robin"]
[WhiteTeam ""]
[BlackTeam ""]
[PlyCount "171"]
[TimeControl "180+1"]

1. e3 Nf6 2. d3 c5 3. d4 g6 4. Nf3 d5 5. Be2 Bg7 6. O-O O-O 7. dxc5 Qc7 8. a3 a5 
9. Bd2 Qxc5 10. Bc3 Bg4 11. Nbd2 Nc6 12. h3 Bxf3 13. Nxf3 b5 14. Bd4 Nxd4 
15. exd4 Qb6 16. c3 e6 17. Ne5 Rfc8 18. Re1 Ne4 19. Nd3 Rab8 20. Bf3 Nd6 
21. Qe2 Nc4 22. h4 h5 23. g3 Qd8 24. Bg2 Bf8 25. b4 Ra8 26. Nc5 Qf6 27. Nd7 Qe7 
28. Nc5 Ra7 29. Qf3 Rca8 30. Qf4 Qd8 31. Nxe6 fxe6 32. Rxe6 Kg7 33. Qf3 Rf7 
34. Qxd5 Qxd5 35. Bxd5 Raa7 36. Rae1 Nd6 37. R1e5 axb4 38. axb4 Ra3 39. g4 hxg4 
40. h5 Rf4 41. Rxg6+ Kh8 42. Rg8+ Kh7 43. Re6 Kxg8 44. Rf6+ Kh7 45. Rxf4 Be7 
46. Rxg4 Rxc3 47. Kg2 Rd3 48. Be4+ Nxe4 49. Rxe4 Bd6 50. Rg4 Rb3 51. Rg5 Rxb4 
52. Rd5 Bf8 53. Rd8 Bh6 54. Rd7+ Kg8 55. Rb7 Bf8 56. Rb8 Kf7 57. Rb6 Kg7 
58. d5 Bc5 59. Rc6 Bf8 60. Rb6 Bc5 61. Rc6 Bd4 62. Kf3 Kf7 63. h6 Be5 
64. Re6 Bc7 65. Rc6 Be5 66. Re6 Bc7 67. Rc6 Bd8 68. Rc8 Bf6 69. Rb8 Kg6 
70. Rb6 Rh4 71. Kg3 Rxh6 72. Rxb5 Rh1 73. f3 Rd1 74. Kg4 Rg1+ 75. Kf4 Rh1 
76. d6 Rh4+ 77. Kg3 Rd4 78. f4 Bh4+ 79. Kxh4 Rxd6 80. Kg4 Kf6 81. Rb7 Rd1 
82. Rb6+ Ke7 83. Kg5 Rd8 84. Kg6 Rg8+ 85. Kf5 Rd8 86. Rb7+ 1/2-1/2

[Event "Friday Night Double Round Robin 3m+1s Starts at 2200hrs ST NO LATE JOINS POSS"]
[Site "Infinity Chess"]
[Date "2018.1.19"]
[Round "4"]
[White "KULLANI"]
[Black "Deep SKY"]
[Result "1/2-1/2"]
[ECO "B90"]
[WhiteElo "2457"]
[BlackElo "2496"]
[WhiteEngine "BrainFish_180113_x64_CTG"]
[BlackEngine "BrainFish_180106_x64_CTG"]
[EventType "Round Robin"]
[WhiteTeam ""]
[BlackTeam ""]
[PlyCount "59"]
[TimeControl "180+1"]

1. e4 c5 2. Nf3 d6 3. d4 cxd4 4. Nxd4 Nf6 5. Nc3 a6 6. Be3 e5 7. Nb3 Be6 
8. f3 Be7 9. Qd2 h5 10. Nd5 Nxd5 11. exd5 Bf5 12. Be2 Bh4+ 13. g3 Be7 
14. O-O-O Nd7 15. Bd3 Bh3 16. Kb1 Nf6 17. c4 Rc8 18. Rhe1 O-O 19. Rg1 Re8 
20. g4 hxg4 21. Qf2 e4 22. Bb6 Qd7 23. fxe4 Bd8 24. Bxd8 Qxd8 25. Rde1 Nd7 
26. Nd4 Nc5 27. Bc2 Nd7 28. Bd3 Nc5 29. Bc2 Nd7 30. Bd3 1/2-1/2

[Event "Friday Night Double Round Robin 3m+1s Starts at 2200hrs ST NO LATE JOINS POSS"]
[Site "Infinity Chess"]
[Date "2018.1.19"]
[Round "4"]
[White "OlivierEvan"]
[Black "star99"]
[Result "1/2-1/2"]
[ECO "A15"]
[WhiteElo "2409"]
[BlackElo "2472"]
[WhiteEngine "Houdini 6"]
[BlackEngine "Cryptic AIL V1"]
[EventType "Round Robin"]
[WhiteTeam ""]
[BlackTeam ""]
[PlyCount "113"]
[TimeControl "180+1"]

1. c4 Nf6 2. d4 e6 3. Nf3 d5 4. Nc3 c6 5. Bg5 h6 6. Bh4 dxc4 7. e4 g5 8. Bg3 b5 
9. h4 g4 10. Ne5 Bb4 11. Be2 Nxe4 12. O-O Nxc3 13. bxc3 Bxc3 14. Bxg4 Bxa1 
15. Bh5 Qxd4 16. Bxf7+ Ke7 17. Qh5 Rf8 18. Ng6+ Kxf7 19. Be5 Qd3 20. Nf4+ Ke7 
21. Nxd3 Rf5 22. Qxh6 Bxe5 23. Nxe5 Rxe5 24. Qg7+ Kd6 25. Qf8+ Kd7 26. h5 Rd5 
27. h6 Kc7 28. Qg8 Nd7 29. h7 Bb7 30. Qxa8 Bxa8 31. h8=Q Bb7 32. Qc3 Kb6 
33. Qe3+ c5 34. Qxe6+ Kc7 35. Rc1 Rd4 36. f3 Bc6 37. Qe2 Bd5 38. Kf2 b4 
39. Rd1 c3 40. Ke1 Bc4 41. Qf2 Rxd1+ 42. Kxd1 a5 43. Qg3+ Kc6 44. Qg6+ Kc7 
45. Kc2 a4 46. Kb1 b3 47. Qg3+ Kc6 48. axb3 axb3 49. f4 c2+ 50. Kc1 Bd5 
51. f5 c4 52. Qe1 Nc5 53. Qe8+ Kc7 54. Qe7+ Kc6 55. Qe8+ Kc7 56. Qe7+ Kc6 
57. Qe8+ 1/2-1/2

[Event "Friday Night Double Round Robin 3m+1s Starts at 2200hrs ST NO LATE JOINS POSS"]
[Site "Infinity Chess"]
[Date "2018.1.19"]
[Round "3"]
[White "Deep SKY"]
[Black "star99"]
[Result "1/2-1/2"]
[ECO "B90"]
[WhiteElo "2497"]
[BlackElo "2471"]
[WhiteEngine "BrainFish_180106_x64_CTG"]
[BlackEngine "Cryptic AIL V1"]
[EventType "Round Robin"]
[WhiteTeam ""]
[BlackTeam ""]
[PlyCount "204"]
[TimeControl "180+1"]

1. e4 c5 2. Nf3 d6 3. d4 cxd4 4. Nxd4 Nf6 5. Nc3 a6 6. Be3 e5 7. Nb3 Be7 
8. f3 Be6 9. Qd2 O-O 10. O-O-O Nbd7 11. g4 Qc7 12. Kb1 b5 13. g5 Nh5 14. f4 Nxf4 
15. Bxf4 exf4 16. Qxf4 Rac8 17. Rd2 Qd8 18. h4 Rxc3 19. bxc3 Nb6 20. Nd4 Qc8 
21. Rd3 Na4 22. Qe3 Nc5 23. Nxe6 fxe6 24. Rd2 Na4 25. Bh3 Nxc3+ 26. Ka1 b4 
27. Rd4 a5 28. Qd3 Na4 29. Qc4 Qxc4 30. Rxc4 Nc5 31. c3 bxc3 32. e5 dxe5 
33. Rf1 Rd8 34. Rc1 Kf7 35. R4xc3 Rd4 36. Rxc5 Bxc5 37. Rxc5 Rxh4 38. Bg2 Rg4 
39. Bc6 Rxg5 40. Rxa5 h5 41. Ra4 Rg1+ 42. Kb2 g5 43. Rc4 g4 44. a4 g3 45. Rc2 h4 
46. Bg2 Rd1 47. a5 Rd6 48. Kc3 e4 49. Re2 Rd3+ 50. Kc4 Rd5 51. Ra2 h3 
52. Bxh3 e3 53. a6 Rd2 54. Ra1 e2 55. a7 e1=Q 56. Rxe1 Ra2 57. Rxe6 Rxa7 
58. Re3 Kf6 59. Rxg3 Rg7 60. Re3 Re7 61. Ra3 Re1 62. Ra6+ Kg5 63. Kd4 Kf4 
64. Rf6+ Kg5 65. Rf5+ Kg6 66. Ra5 Kf7 67. Bg2 Kf6 68. Bf3 Re6 69. Ra1 Rb6 
70. Bd5 Rb4+ 71. Bc4 Kg5 72. Rc1 Kh4 73. Kd5 Kg3 74. Kc5 Rb7 75. Bd5 Rb2 
76. Kd4 Kf4 77. Rd1 Rb4+ 78. Bc4 Rb7 79. Rf1+ Kg3 80. Rc1 Kf4 81. Rc3 Re7 
82. Bd5 Kg5 83. Rg3+ Kf4 84. Ra3 Rc7 85. Rf3+ Kg4 86. Rf8 Rd7 87. Rf1 Rc7 
88. Rg1+ Kf4 89. Be6 Rc6 90. Rf1+ Kg5 91. Rg1+ Kf4 92. Bd5 Rc7 93. Ra1 Rd7 
94. Rf1+ Kg3 95. Ke4 Re7+ 96. Kf5 Re8 97. Rf3+ Kh4 98. Rc3 Rf8+ 99. Ke5 Kg5 
100. Ra3 Kh4 101. Bc6 Rf2 102. Be4 Kg4 1/2-1/2

[Event "Friday Night Double Round Robin 3m+1s Starts at 2200hrs ST NO LATE JOINS POSS"]
[Site "Infinity Chess"]
[Date "2018.1.19"]
[Round "3"]
[White "ocirema"]
[Black "KULLANI"]
[Result "1/2-1/2"]
[ECO "C65"]
[WhiteElo "2484"]
[BlackElo "2456"]
[WhiteEngine "stockfish_18011309_x64_modern_CTG"]
[BlackEngine "BrainFish_180113_x64_CTG"]
[EventType "Round Robin"]
[WhiteTeam ""]
[BlackTeam ""]
[PlyCount "32"]
[TimeControl "180+1"]

1. e4 e5 2. Nf3 Nc6 3. Bb5 Nf6 4. O-O Nxe4 5. d4 Nd6 6. Bxc6 dxc6 7. dxe5 Nf5 
8. Qxd8+ Kxd8 9. Rd1+ Ke8 10. Nc3 Be7 11. Bg5 h6 12. Bxe7 Nxe7 13. Nd4 Nf5 
14. Nf3 Ne7 15. Nd4 Nf5 16. Nf3 Ne7 1/2-1/2

[Event "Friday Night Double Round Robin 3m+1s Starts at 2200hrs ST NO LATE JOINS POSS"]
[Site "Infinity Chess"]
[Date "2018.1.19"]
[Round "3"]
[White "RonWeasley"]
[Black "Dovahkiin"]
[Result "1/2-1/2 "]
[ECO "B95"]
[WhiteElo "2487"]
[BlackElo "2449"]
[WhiteEngine "BrainFish 130117_CTG"]
[BlackEngine "BrainFish_180113_x64_modern_CTG"]
[EventType "Round Robin"]
[WhiteTeam ""]
[BlackTeam ""]
[PlyCount "54"]
[TimeControl "180+1"]

1. e4 c5 2. Nf3 d6 3. d4 cxd4 4. Nxd4 Nf6 5. Nc3 a6 6. Bg5 e6 7. Qf3 Be7 
8. O-O-O Qc7 9. g4 O-O 10. Be3 Nfd7 11. h4 b5 12. a3 Bb7 13. Kb1 Nc6 14. h5 Rac8 
15. g5 Nxd4 16. Bxd4 Bxg5 17. Qg3 Bf6 18. Rg1 g6 19. hxg6 fxg6 20. Bh3 Rce8 
21. Bxf6 Nxf6 22. Rxd6 b4 23. axb4 Nxe4 24. Nxe4 Bxe4 25. Rd2 Qc4 26. Qc3 Qxc3 
27. bxc3 Rf4 1/2-1/2

[Event "Friday Night Double Round Robin 3m+1s Starts at 2200hrs ST NO LATE JOINS POSS"]
[Site "Infinity Chess"]
[Date "2018.1.19"]
[Round "3"]
[White "BraveDevil"]
[Black "tris77"]
[Result "1/2-1/2"]
[ECO "E10"]
[WhiteElo "2487"]
[BlackElo "2429"]
[WhiteEngine "Cryptic AIL V1"]
[BlackEngine "Raubfisch X37b_CTG"]
[EventType "Round Robin"]
[WhiteTeam ""]
[BlackTeam ""]
[PlyCount "84"]
[TimeControl "180+1"]

1. d4 Nf6 2. c4 e6 3. Nf3 d5 4. Nc3 c6 5. Bg5 dxc4 6. a4 Bb4 7. e4 c5 
8. Bxc4 cxd4 9. Nxd4 O-O 10. O-O Nbd7 11. Qe2 Qa5 12. Ncb5 a6 13. Nc2 Ne5 
14. Bf4 Nfd7 15. Ba2 Be7 16. Nc3 Nc6 17. Rfd1 Rd8 18. Bg3 Nb6 19. Rxd8+ Nxd8 
20. b4 Bxb4 21. Nxb4 Qxb4 22. Qe3 Nd7 23. Rb1 Qa3 24. Qd3 Qc5 25. Bd6 Qa5 
26. Bb4 Qe5 27. Bd6 Qa5 28. h3 h6 29. Bb4 Qc7 30. Bd6 Qa5 31. Qe3 b6 32. f4 Bb7 
33. Bb4 Qh5 34. Rd1 Nc5 35. f5 Nxe4 36. Qxb6 Kh7 37. Rxd8 Qg5 38. Rxa8 Qc1+ 
39. Kh2 Qf4+ 40. Kg1 Qc1+ 41. Kh2 Qf4+ 42. Kg1 Qc1+ 1/2-1/2

[Event "Friday Night Double Round Robin 3m+1s Starts at 2200hrs ST NO LATE JOINS POSS"]
[Site "Infinity Chess"]
[Date "2018.1.19"]
[Round "3"]
[White "MGR"]
[Black "PAKtech"]
[Result "1-0"]
[ECO "C50"]
[WhiteElo "2495"]
[BlackElo "2434"]
[WhiteEngine "asmFishW_2017-11-19_bmi2"]
[BlackEngine "Raubfisch ME262_GTZ16b3._CTG"]
[EventType "Round Robin"]
[WhiteTeam ""]
[BlackTeam ""]
[PlyCount "143"]
[TimeControl "180+1"]

1. e4 e5 2. Nf3 Nc6 3. Bc4 Bc5 4. O-O Nf6 5. d3 d6 6. c3 O-O 7. Nbd2 a6 
8. a4 Ne7 9. Re1 Ng6 10. h3 c6 11. a5 d5 12. Bb3 Qc7 13. exd5 cxd5 14. d4 exd4 
15. Nxd4 Bd7 16. N2f3 Rae8 17. Bg5 Qd6 18. Bxf6 Qxf6 19. Bxd5 Nf4 20. Ne2 Rxe2 
21. Rxe2 Bxh3 22. gxh3 Qg6+ 23. Kf1 Qg2+ 24. Ke1 Bxf2+ 25. Rxf2 Re8+ 
26. Kd2 Qxf2+ 27. Kc1 Re3 28. Be4 g6 29. Qd8+ Kg7 30. Qd4+ Kg8 31. Kb1 Ne6 
32. Qb4 Rxf3 33. Bxf3 Qxf3 34. Ka2 g5 35. c4 Kg7 36. Qa3 Qc6 37. Qc3+ Kg6 
38. Re1 f5 39. b4 Qd6 40. Qe3 Kf7 41. Ka3 Nd4 42. c5 Nb5+ 43. Kb2 Qf6+ 
44. Kc2 Nd4+ 45. Kd3 Nc6 46. Qe8+ Kg7 47. Qd7+ Qf7 48. Qxf7+ Kxf7 49. Kc4 Na7 
50. Rd1 Ke8 51. Rd5 h6 52. Rxf5 Ke7 53. Re5+ Kd8 54. Rd5+ Kc7 55. Rd6 h5 
56. Rd5 g4 57. Rxh5 Nc6 58. hxg4 Kc8 59. b5 Nxa5+ 60. Kb4 axb5 61. Kxa5 b4 
62. Kxb4 Kd7 63. Kb5 Ke6 64. Kb6 Kf6 65. Kxb7 Kg7 66. Kc6 Kg6 67. Kd6 Kg7 
68. c6 Kf6 69. c7 Kg7 70. c8=Q Kf6 71. Rh7 Kg6 72. Qf5# 1-0

[Event "Friday Night Double Round Robin 3m+1s Starts at 2200hrs ST NO LATE JOINS POSS"]
[Site "Infinity Chess"]
[Date "2018.1.19"]
[Round "3"]
[White "Victorious"]
[Black "xeonrocks"]
[Result "1/2-1/2"]
[ECO "D31"]
[WhiteElo "2530"]
[BlackElo "2573"]
[WhiteEngine "BugChess2.41_Release"]
[BlackEngine "asmFishW_CTG"]
[EventType "Round Robin"]
[WhiteTeam ""]
[BlackTeam ""]
[PlyCount "128"]
[TimeControl "180+1"]

1. d4 d5 2. c4 e6 3. Nc3 c6 4. e4 dxe4 5. Nxe4 Bb4+ 6. Nc3 c5 7. Nf3 Nf6 
8. Be2 cxd4 9. Nxd4 O-O 10. O-O Bxc3 11. bxc3 a6 12. Bf4 Re8 13. Nf3 Qa5 
14. Bd6 Nc6 15. Qc2 Ne7 16. Rfe1 Bd7 17. Bd3 Bc6 18. Ne5 Rad8 19. c5 Nc8 
20. Nxc6 bxc6 21. Be5 Ne7 22. Bxf6 gxf6 23. Bxh7+ Kg7 24. Bd3 Rd5 25. Re3 Rxc5 
26. Rg3+ Rg5 27. Rxg5+ fxg5 28. a4 Rh8 29. g3 Rd8 30. Rc1 Nd5 31. Bf1 Nf6 
32. h3 Rd5 33. Bc4 Rd8 34. Kg2 Rd7 35. Re1 Kf8 36. Re3 Ke7 37. Qb3 Nd5 
38. Rf3 Nb6 39. Qa3+ c5 40. Be2 Rd6 41. Kg1 f6 42. Re3 c4 43. Re4 Qxa4 
44. Qxa4 Nxa4 45. Rxc4 Nb6 46. Rc7+ Kd8 47. Rf7 a5 48. Kf1 a4 49. Ra7 Nd5 
50. Rxa4 Nxc3 51. Ra8+ Ke7 52. Ra7+ Rd7 53. Rxd7+ Kxd7 54. Ke1 Nd5 55. Bc4 Kd6 
56. Kd2 Ke5 57. Bxd5 exd5 58. Kd3 d4 59. f3 f5 60. h4 f4 61. gxf4+ Kxf4 
62. h5 Ke5 63. Kc2 Kf6 64. Kd3 Kg7 1/2-1/2

[Event "Friday Night Double Round Robin 3m+1s Starts at 2200hrs ST NO LATE JOINS POSS"]
[Site "Infinity Chess"]
[Date "2018.1.19"]
[Round "3"]
[White "Gilgamesch"]
[Black "OlivierEvan"]
[Result "1/2-1/2"]
[ECO "B90"]
[WhiteElo "2555"]
[BlackElo "2403"]
[WhiteEngine "BrainFish_171005_x64_bmi2"]
[BlackEngine "Houdini 6"]
[EventType "Round Robin"]
[WhiteTeam ""]
[BlackTeam ""]
[PlyCount "107"]
[TimeControl "180+1"]

1. e4 c5 2. Nf3 d6 3. d4 cxd4 4. Nxd4 Nf6 5. Nc3 a6 6. Be3 e5 7. Nb3 Be6 
8. Be2 Be7 9. O-O O-O 10. Nd5 Nxd5 11. exd5 Bf5 12. c4 Nd7 13. Qd2 a5 
14. f4 exf4 15. Bxf4 Bg6 16. Nd4 Qb6 17. Kh1 Nc5 18. Nb5 Rae8 19. Rae1 h6 
20. Bd1 Bg5 21. Bxg5 hxg5 22. Bc2 Bxc2 23. Qxc2 Qd8 24. h3 Rxe1 25. Rxe1 f5 
26. Nd4 Qf6 27. Ne6 Re8 28. Qd2 Nxe6 29. dxe6 Rxe6 30. Qd5 Kf7 31. Kh2 g4 
32. Qxb7+ Kg6 33. Rxe6 Qxe6 34. hxg4 fxg4 35. Kg3 Qxc4 36. Qd7 Qd3+ 37. Kh4 g3 
38. Qe6+ Kh7 39. Qg4 g6 40. Qg5 Qe2 41. Kxg3 Qxb2 42. Qh4+ Kg7 43. Qe7+ Kh8 
44. Qxd6 Qxa2 45. Kh2 Qf7 46. Kg1 Qa7+ 47. Kf1 Kh7 48. Qh2+ Kg7 49. Qe5+ Kg8 
50. Qd6 a4 51. Qxg6+ Qg7 52. Qd3 Qa1+ 53. Ke2 Qa2+ 54. Kd1 1/2-1/2

[Event "Friday Night Double Round Robin 3m+1s Starts at 2200hrs ST NO LATE JOINS POSS"]
[Site "Infinity Chess"]
[Date "2018.1.19"]
[Round "2"]
[White "xeonrocks"]
[Black "Gilgamesch"]
[Result "1/2-1/2"]
[ECO "C53"]
[WhiteElo "2574"]
[BlackElo "2554"]
[WhiteEngine "asmFishW_CTG"]
[BlackEngine "BrainFish_171005_x64_bmi2"]
[EventType "Round Robin"]
[WhiteTeam ""]
[BlackTeam ""]
[PlyCount "104"]
[TimeControl "180+1"]

1. e4 e5 2. Nf3 Nc6 3. Bc4 Bc5 4. c3 Nf6 5. d4 exd4 6. e5 d5 7. Bb5 Ne4 
8. cxd4 Bb6 9. O-O Bg4 10. a4 a5 11. Nc3 O-O 12. Bxc6 bxc6 13. h3 Bh5 14. g4 Bg6 
15. Be3 h5 16. Rc1 hxg4 17. hxg4 f6 18. exf6 Qxf6 19. Ne5 Rae8 20. f4 Nd6 
21. Qe2 Nc4 22. Kg2 Qe7 23. f5 Bf7 24. Nxc4 dxc4 25. Rce1 Bd5+ 26. Kh3 Kf7 
27. g5 Rh8+ 28. Kg4 g6 29. Bg1 Qd8 30. Qf2 Kg7 31. Nxd5 Qxd5 32. Rxe8 Rxe8 
33. fxg6 Qe4+ 34. Kg3 Qd3+ 35. Qf3 Kxg6 36. Rd1 Qxf3+ 37. Kxf3 Kxg5 38. Rc1 Kf5 
39. Rxc4 Ke6 40. Rxc6+ Kd5 41. Rf6 Bxd4 42. Bxd4 Kxd4 43. Rc6 Re4 44. Rxc7 Re8 
45. b3 Re1 46. Rc6 Ra1 47. Rc4+ Kd3 48. Rh4 Rb1 49. Rh5 Kc3 50. Rxa5 Rxb3 
51. Rb5 Ra3 52. Rd5 Rxa4 1/2-1/2

[Event "Friday Night Double Round Robin 3m+1s Starts at 2200hrs ST NO LATE JOINS POSS"]
[Site "Infinity Chess"]
[Date "2018.1.19"]
[Round "2"]
[White "PAKtech"]
[Black "Victorious"]
[Result "1/2-1/2"]
[ECO "C50"]
[WhiteElo "2430"]
[BlackElo "2534"]
[WhiteEngine "Raubfisch ME262_GTZ16b3._CTG"]
[BlackEngine "BugChess2.41_Release"]
[EventType "Round Robin"]
[WhiteTeam ""]
[BlackTeam ""]
[PlyCount "120"]
[TimeControl "180+1"]

1. e4 e5 2. Nf3 Nc6 3. Bc4 Bc5 4. O-O Nf6 5. d3 d6 6. c3 O-O 7. Bg5 h6 8. Bh4 g5 
9. Bg3 a6 10. Bb3 Ba7 11. Nbd2 Na5 12. Ba4 Nh5 13. b4 Nxg3 14. hxg3 b5 
15. Bc2 Nc6 16. a4 Bd7 17. Qe2 g4 18. Nh4 Qg5 19. Ra3 Bb6 20. Rfa1 Rab8 
21. Nb3 h5 22. R3a2 Be6 23. axb5 axb5 24. Ra6 Rfd8 25. Nd2 Ne7 26. Bb3 Rf8 
27. Bc2 c5 28. bxc5 Bxc5 29. Bb3 Bd7 30. Bd5 Bb6 31. Qe1 Kg7 32. c4 Bc8 
33. cxb5 Bxa6 34. bxa6 Nxd5 35. a7 Ra8 36. exd5 f5 37. Ra6 Qd8 38. Qb1 Bxa7 
39. d4 Kg8 40. Nxf5 Qf6 41. Nxd6 Bxd4 42. Rxa8 Rxa8 43. N2e4 Qg6 44. Qb7 Rf8 
45. Qe7 h4 46. Qxh4 Bb6 47. Qe7 Bd4 48. Qe6+ Kh7 49. Kh2 Bxf2 50. Qe7+ Kg8 
51. Qe6+ Kg7 52. Qxe5+ Kg8 53. Qe6+ Kg7 54. Nxf2 Rxf2 55. Qe7+ Kg8 56. Kg1 Rf8 
57. Qe6+ Kg7 58. Qe7+ Kg8 59. Qe6+ Kg7 60. Qe7+ Kg8 1/2-1/2

[Event "Friday Night Double Round Robin 3m+1s Starts at 2200hrs ST NO LATE JOINS POSS"]
[Site "Infinity Chess"]
[Date "2018.1.19"]
[Round "2"]
[White "tris77"]
[Black "MGR"]
[Result "1/2-1/2"]
[ECO "C77"]
[WhiteElo "2426"]
[BlackElo "2498"]
[WhiteEngine "Raubfisch X37b_CTG"]
[BlackEngine "asmFishW_2017-11-19_bmi2"]
[EventType "Round Robin"]
[WhiteTeam ""]
[BlackTeam ""]
[PlyCount "102"]
[TimeControl "180+1"]

1. e4 e5 2. Nf3 Nc6 3. Bb5 a6 4. Ba4 Nf6 5. O-O Be7 6. Re1 b5 7. Bb3 O-O 
8. c3 d5 9. exd5 Nxd5 10. Nxe5 Nxe5 11. Rxe5 c6 12. d4 Bd6 13. Re1 Qh4 
14. g3 Qh3 15. Be3 Bg4 16. Qd3 Rae8 17. Nd2 Re6 18. a4 Qh5 19. axb5 axb5 
20. Ne4 Bf5 21. Bd2 Rxe4 22. Rxe4 Nf6 23. f3 Qg6 24. Qf1 Nxe4 25. fxe4 Bxe4 
26. Bf4 Bd3 27. Qf2 Bxf4 28. Qxf4 h6 29. Qf3 Be4 30. Qf4 Bd5 31. Bxd5 cxd5 
32. Qe3 Qc6 33. Re1 b4 34. cxb4 Rb8 35. Qc3 Qc4 36. Qxc4 dxc4 37. d5 f5 
38. Re2 Rxb4 39. d6 Kf7 40. d7 Rb8 41. Kf2 Rd8 42. Rd2 Ke6 43. Ke3 g5 44. Rd4 c3 
45. bxc3 Rxd7 46. Rxd7 Kxd7 47. Kd4 Kd6 48. c4 f4 49. gxf4 gxf4 50. Ke4 Kc5 
51. Kxf4 Kxc4 1/2-1/2

[Event "Friday Night Double Round Robin 3m+1s Starts at 2200hrs ST NO LATE JOINS POSS"]
[Site "Infinity Chess"]
[Date "2018.1.19"]
[Round "2"]
[White "Dovahkiin"]
[Black "BraveDevil"]
[Result "1/2-1/2 "]
[ECO "A00"]
[WhiteElo "2447"]
[BlackElo "2489"]
[WhiteEngine "BrainFish_180113_x64_modern_CTG"]
[BlackEngine "Cryptic AIL V1"]
[EventType "Round Robin"]
[WhiteTeam ""]
[BlackTeam ""]
[PlyCount "273"]
[TimeControl "180+1"]

1. e3 e5 2. e4 Nf6 3. Nc3 Bb4 4. Nf3 O-O 5. Nxe5 d5 6. Nd3 Bxc3 7. dxc3 dxe4 
8. Nf4 Qxd1+ 9. Kxd1 Rd8+ 10. Ke1 Nc6 11. Ne2 h6 12. Ng3 a5 13. f3 Re8 
14. Kf2 Bd7 15. Nxe4 Nxe4+ 16. fxe4 Rxe4 17. Bd2 Ne5 18. Bd3 Nxd3+ 19. cxd3 Re6 
20. Rhe1 Rb6 21. b3 a4 22. Be3 Rd6 23. d4 b5 24. c4 c6 25. Kg1 bxc4 26. bxc4 Be6 
27. d5 cxd5 28. c5 Rd7 29. Red1 Rb7 30. Rd2 Rab8 31. Rf1 Rb1 32. Rc2 Rxf1+ 
33. Kxf1 Bf5 34. Rc3 Rb1+ 35. Rc1 Rb2 36. c6 a3 37. c7 Bc8 38. Rd1 Rxa2 
39. Rxd5 Kh7 40. Ra5 Rc2 41. Rxa3 Rxc7 42. Ra7 Rc3 43. Bf4 Rc4 44. Bd6 Be6 
45. Rc7 Ra4 46. Rc2 g5 47. Be7 Kg6 48. Rc6 h5 49. Kf2 h4 50. h3 Ra2+ 51. Kf1 Ra7 
52. Bb4 Ra1+ 53. Kf2 Ra2+ 54. Kf1 Kh5 55. Bf8 Ra1+ 56. Kf2 Kg6 57. Be7 Ra8 
58. Kg1 Ra4 59. Rd6 Rc4 60. Rb6 Rc1+ 61. Kf2 Rc2+ 62. Kg1 Rc1+ 63. Kf2 Rc2+ 
64. Kg1 Rc3 65. Kf2 Rc4 66. Kg1 Rc7 67. Ba3 Kh5 68. Bf8 Kg6 69. Kf1 Rc3 
70. Be7 Kh5 71. Bf8 Kg6 72. Be7 Rd3 73. Rc6 Rd1+ 74. Ke2 Rb1 75. Kf2 Rb7 
76. Ba3 Rb3 77. Be7 Rb1 78. Bf8 Rb2+ 79. Kf1 Kh5 80. Be7 Ra2 81. Bf8 Ra1+ 
82. Kf2 Ra4 83. Be7 Ra2+ 84. Kf1 Kg6 85. Bd8 Ra7 86. Kg1 Ra1+ 87. Kf2 Ra3 
88. Be7 Ra2+ 89. Kf1 Ra1+ 90. Kf2 Ra7 91. Bb4 Kh5 92. Bf8 Kg6 93. Bb4 Ra4 
94. Rb6 Kh5 95. Bf8 Rc4 96. Kg1 Re4 97. Rb4 Bc4 98. Rb6 Be6 99. Rb4 Rxb4 
100. Bxb4 Bd5 101. Kf2 f5 102. Bf8 f4 103. Be7 Kg6 104. Bd8 Kf5 105. Bc7 Bb3 
106. Bb6 Bc4 107. Bd4 Bd3 108. Bb6 Bc2 109. Bd4 Ke6 110. Kf3 Kf5 111. Kf2 Bb1 
112. Bb2 Be4 113. Bc3 Bc6 114. Bd4 Bb5 115. Bc5 Ba4 116. Bd4 Bd1 117. Bc5 Ke5 
118. Be7 Kf5 119. Bc5 Ke6 120. Bd4 Bh5 121. Bb6 Bd1 122. Bd8 Kf5 123. Bb6 Bb3 
124. Bd4 Ke6 125. Kf3 Kf5 126. Kf2 Kg6 127. Ke2 Bd5 128. Kf2 Be4 129. Bc3 Bb1 
130. Bb4 Kf5 131. Bc5 Kf6 132. Bb6 Kf5 133. Bd8 Ba2 134. Be7 Bb1 135. Bc5 Bd3 
136. Bb4 Kg6 137. Kf3 1/2-1/2

[Event "Friday Night Double Round Robin 3m+1s Starts at 2200hrs ST NO LATE JOINS POSS"]
[Site "Infinity Chess"]
[Date "2018.1.19"]
[Round "2"]
[White "KULLANI"]
[Black "RonWeasley"]
[Result "1/2-1/2"]
[ECO "E10"]
[WhiteElo "2455"]
[BlackElo "2488"]
[WhiteEngine "BrainFish_180113_x64_CTG"]
[BlackEngine "BrainFish 130117_CTG"]
[EventType "Round Robin"]
[WhiteTeam ""]
[BlackTeam ""]
[PlyCount "123"]
[TimeControl "180+1"]

1. d4 Nf6 2. c4 e6 3. Nf3 d5 4. Nc3 c6 5. Bg5 h6 6. Bxf6 Qxf6 7. e3 Nd7 
8. Bd3 dxc4 9. Bxc4 g6 10. O-O Bg7 11. e4 e5 12. d5 Nb6 13. Nd2 Nxc4 
14. Nxc4 O-O 15. Qe2 Rd8 16. Na5 Qg5 17. Rac1 cxd5 18. Nxd5 Bh3 19. Qf3 Rac8 
20. Rxc8 Bxc8 21. Qb3 Be6 22. Qxb7 Bf8 23. Nc4 Bc5 24. Nce3 Kg7 25. b3 Rd7 
26. Qc6 Bxe3 27. Nxe3 Qf4 28. Qc2 Rd4 29. Rd1 Rxe4 30. Rd6 a5 31. Ra6 a4 
32. Rxa4 Rxa4 33. bxa4 Bd7 34. a5 Qb4 35. Qd1 Bb5 36. Qa1 f6 37. a6 Qa3 
38. Qb1 Qxa6 39. Qb4 Be8 40. a3 Qb5 41. Qe7+ Bf7 42. h4 h5 43. Qb4 Be8 
44. Qxb5 Bxb5 45. f3 Bc6 46. Nd1 g5 47. hxg5 fxg5 48. Nc3 Kf6 49. a4 Ke6 
50. Kf2 Kd6 51. Ke3 g4 52. fxg4 hxg4 53. g3 Kc5 54. Ne4+ Kb6 55. Nc3 Ka5 
56. Ne4 Kxa4 57. Nf6 Bf3 58. Nd7 Ka3 59. Nxe5 Bd1 60. Kf4 Kb4 61. Nd3+ Kc3 
62. Ne5 1/2-1/2

[Event "Friday Night Double Round Robin 3m+1s Starts at 2200hrs ST NO LATE JOINS POSS"]
[Site "Infinity Chess"]
[Date "2018.1.19"]
[Round "2"]
[White "star99"]
[Black "ocirema"]
[Result "1/2-1/2"]
[ECO "D44"]
[WhiteElo "2470"]
[BlackElo "2485"]
[WhiteEngine "Cryptic AIL V1"]
[BlackEngine "stockfish_18011309_x64_modern_CTG"]
[EventType "Round Robin"]
[WhiteTeam ""]
[BlackTeam ""]
[PlyCount "59"]
[TimeControl "180+1"]

1. d4 d5 2. c4 e6 3. Nc3 Nf6 4. Nf3 c6 5. Bg5 h6 6. Bh4 dxc4 7. e4 g5 8. Bg3 b5 
9. Be2 Bb7 10. O-O Nbd7 11. Ne5 Bg7 12. Nxd7 Nxd7 13. Bd6 a6 14. e5 c5 
15. d5 Nxe5 16. dxe6 Nd3 17. exf7+ Kxf7 18. Bxd3 cxd3 19. Qxd3 Qf6 20. Qg3 Rhe8 
21. Bxc5 Qc6 22. Rad1 Rad8 23. Bb4 Be5 24. Qh3 Kg6 25. Rxd8 Rxd8 26. Re1 Bc8 
27. Qe3 Bb7 28. Qh3 Bc8 29. Qe3 Bb7 30. Qh3 1/2-1/2

[Event "Friday Night Double Round Robin 3m+1s Starts at 2200hrs ST NO LATE JOINS POSS"]
[Site "Infinity Chess"]
[Date "2018.1.19"]
[Round "2"]
[White "OlivierEvan"]
[Black "Deep SKY"]
[Result "0-1"]
[ECO "C50"]
[WhiteElo "2416"]
[BlackElo "2484"]
[WhiteEngine "Houdini 6"]
[BlackEngine "BrainFish_180106_x64_CTG"]
[EventType "Round Robin"]
[WhiteTeam ""]
[BlackTeam ""]
[PlyCount "154"]
[TimeControl "180+1"]

1. e4 e5 2. Nf3 Nc6 3. Bc4 Bc5 4. O-O Nf6 5. Re1 O-O 6. d3 d6 7. c3 a5 8. a4 h6 
9. h3 Bb6 10. Nbd2 Be6 11. Bxe6 fxe6 12. Nc4 Bc5 13. Be3 Bxe3 14. Rxe3 Qd7 
15. Rc1 Rf7 16. Nh4 Qe8 17. Ng6 Nd7 18. Nd2 Nc5 19. b3 Rf6 20. Nh4 Qf7 
21. Nhf3 Rf8 22. Qe2 Na6 23. Rf1 Qd7 24. Nc4 Nc5 25. Qd1 Rf4 26. Rfe1 Na6 
27. R1e2 b6 28. Na3 Ne7 29. Rd2 R4f7 30. d4 exd4 31. cxd4 Ng6 32. Nc2 Nf4 
33. Qf1 Qc8 34. Nfe1 e5 35. Nd3 Re8 36. f3 Ng6 37. d5 Qb7 38. Qe1 Qa8 
39. Kh2 Ref8 40. Rf2 Qe8 41. Qc3 Nf4 42. Nxf4 Rxf4 43. Ne1 R4f7 44. Nd3 Qe7 
45. Qe1 Qg5 46. Kh1 Nc5 47. Rc2 h5 48. Rc3 Qh6 49. Nf2 Qf6 50. Kg1 Qh4 
51. Kh2 Re7 52. g3 Qf6 53. h4 g5 54. hxg5 Qxg5 55. Nh3 Qh6 56. f4 Rg7 57. f5 h4 
58. gxh4 Kh8 59. Nf2 Rfg8 60. Rg3 Qf4 61. Rcf3 Qxg3+ 62. Rxg3 Rxg3 63. Qe2 Rg2+ 
64. Kh1 Rg1+ 65. Kh2 R1g2+ 66. Kh1 Rg1+ 67. Kh2 R8g2+ 68. Kh3 Rg3+ 69. Kh2 R3g2+ 
70. Kh3 Rg3+ 71. Kh2 R1g2+ 72. Kh1 Kg7 73. Qf1 Rg1+ 74. Qxg1 Rxg1+ 75. Kxg1 Nxb3 
76. Kf1 b5 77. axb5 a4 0-1